 Dungeon Crawl Stone Soup version 0.31-a0-1626-g5cb510d322 (webtiles) character file.

Game seed: 10749608287222748263

230 Pooter the Digger (level 5, -8/49 HPs)
             Began as a Troll Earth Elementalist on Jan 12, 2024.
             Mangled by an ogre
             ... wielding a +0 giant club
              (20 damage)
             ... on level 4 of the Dungeon on Jan 13, 2024.
             The game lasted 00:15:12 (2941 turns).

Pooter the Digger (Troll Earth Elementalist)        Turns: 2941, Time: 00:15:13

Health: -8/49      AC:  4    Str: 16    XL:     5   Next: 72%
Magic:  4/6        EV:  9    Int: 13    God:
Gold:   175        SH:  0    Dex: 10    Spells: 3/7 levels left

rFire   . . .        b - +0 sling
rCold   . . .        (no shield)
rNeg    . . .        z - +0 robe
rPois   .            (helmet restricted)
rElec   .            (no cloak)
rCorr   .            (gloves unavailable)
SInv    .            (boots unavailable)
Will    .....        m - amulet of regeneration
Stlth   +            (no ring)
HPRegen 1.88/turn    (no ring)
MPRegen 0.10/turn

%: no passive effects
@: no status effects
A: large, unfitting armour, claws 3, regeneration 1, shaggy fur 1, tough skin 1
a: no special abilities


You were on level 4 of the Dungeon.
You visited 1 branch of the dungeon, and saw 4 of its levels.

You collected 175 gold pieces.

Inventory:

Hand Weapons
 b - a +0 sling (weapon)
   (You found it on level 2 of the Dungeon)
Missiles
 s - a boomerang
 Q - 31 stones
Armour
 z - a +0 robe (worn)
Jewellery
 m - an amulet of regeneration (around neck)
   (You found it on level 2 of the Dungeon)
Scrolls
 a - a scroll of brand weapon {unknown}
 d - a scroll of vulnerability {!r}
 f - a scroll of silence {unknown}
 g - a scroll of revelation
 h - a scroll of poison {!r}
 l - a scroll of fear {unknown}
 p - 2 scrolls of blinking {unknown}
 r - a scroll of teleportation {unknown}
 t - a scroll of torment {unknown}
 w - a scroll of amnesia {unknown}
Potions
 c - 2 potions of enlightenment {unknown}
 e - a potion of brilliance {unknown}
 i - a potion of degeneration {unknown}
 j - a potion of magic
 k - a potion of ambrosia {unknown}
 n - 2 potions of curing {unknown}
 o - 2 potions of attraction {unknown}
 q - 2 potions of mutation {unknown}
 u - a potion of might {unknown}
 v - a potion of resistance {unknown}


   Skills:
 + Level 1.9 Fighting
 - Level 1.5 Dodging
 - Level 1.0 Stealth
 + Level 2.3 Unarmed Combat
 - Level 1.8 Spellcasting
 + Level 1.9 Conjurations
 + Level 3.6 Earth Magic


You had 3 spell levels left.
You knew the following spells:

 Your Spells              Type           Power      Damage    Failure   Level
a - Sandblast             Erth           20%        2d7       6%          1
b - Stone Arrow           Conj/Erth      16%        3d8       24%         3

Your spell library contained the following spells:

 Spells                   Type           Power      Damage    Failure   Level
 Passwall                 Erth           10%        N/A       19%         3
 Slow                     Hex            4%         N/A       26%         1
 Confusing Touch          Hex            1%         N/A       61%         3
 Inner Flame              Hex/Fire       1%         N/A       61%         3
 Sigil of Binding         Hex            1%         N/A       61%         3
 Vampiric Draining        Necr           1%         2d6       61%         3
 Brom's Barrelling Bould  Conj/Erth      8%         2d3       63%         4
 Petrify                  Alch/Erth      5%         N/A       77%         4
 Flame Wave               Conj/Fire      3%         2d5       86%         4
 Sticky Flame             Fire/Alch      1%         2d4       95%         4


Dungeon Overview and Level Annotations

Branches:
Dungeon (4/15) Zot: 21037
 Temple: D:4-7

Altars:

Shops:
D:2 =


Innate Abilities, Weirdness & Mutations

You are too large for most types of armour.
You have claws for hands.
Your natural rate of healing is unusually fast.
You are covered in fur. (AC +1)
You have tough skin. (AC +1)


Message History

You shoot a sling bullet. The sling bullet hits the orc.
You shoot a sling bullet. The sling bullet hits the orc.
You kill the orc!
You start resting.
There is an open door, spattered with blood here.
Things that are here:
a +0 dagger; a +0 robe An orc wizard is nearby!
You start waiting.
Done waiting.
You start waiting.
Done waiting.
Found two stone staircases leading down.
Found a dagger.
An endoplasm comes into view.
The endoplasm quivers.
You shoot a sling bullet.
The sling bullet barely misses the endoplasm.
You shoot a sling bullet.
The sling bullet barely misses the endoplasm.
You shoot a sling bullet. The sling bullet hits the endoplasm.
You kill the endoplasm!
An ogre comes into view. It is wielding a +0 giant club.
You shoot a sling bullet. The sling bullet hits the ogre.
The ogre shouts!
You shoot a sling bullet. The sling bullet hits the ogre.
Casting: Sandblast (safe; 6% risk of failure)
Confirm with . or Enter, or press ? or * to list all spells.
Aiming: Sandblast (safe; 6% risk of failure)
Press: ? - help, Shift-Dir - straight line, f/p - ogre
Aim: an ogre, wielding a +0 giant club (moderately wounded, 91% to hit)
The blast of sand hits the ogre.
Casting: Sandblast (safe; 6% risk of failure)
Confirm with . or Enter, or press ? or * to list all spells.
Aiming: Sandblast (safe; 6% risk of failure)
Press: ? - help, Shift-Dir - straight line, f/p - ogre
Aim: an ogre, wielding a +0 giant club (heavily wounded, 91% to hit)
The blast of sand hits the ogre.
You shoot a sling bullet. The sling bullet hits the ogre.
The ogre hits you with a +0 giant club!
You shoot a sling bullet. The sling bullet hits the ogre.
The ogre closely misses you.
You shoot a sling bullet. The sling bullet hits the ogre.
The ogre hits you with a +0 giant club!!
Ouch! That really hurt!
* * * LOW HITPOINT WARNING * * *
You shoot a sling bullet.
The sling bullet hits the ogre but does no damage.
The ogre hits you with a +0 giant club!!
You die...

####### #.....##
##.....# #.....#
########...######## #
......O@...##.....#..
....................>
.......................
..................>....
.....................o.
##'####.)####.##'###).#
#.. #..####.##.###..##
.. ....#.....'...#...#
#....#.....#...#.).#


You could see an ogre.

Vanquished Creatures
  2 lemures
  An orc priest (D:4)
  A bombardier beetle (D:2)
  2 orc wizards
  An adder (D:2)
  3 dart slugs
  9 orcs
  4 bats
  6 endoplasms
  A giant cockroach (D:2)
  6 goblins
  6 hobgoblins
  6 jackals
  2 quokkas
  4 ball pythons
  10 frilled lizards
  7 kobolds
  5 rats
76 creatures vanquished.

Vanquished Creatures (others)
  An orc wizard (D:3)
1 creature vanquished.

Grand Total: 77 creatures vanquished

Notes
Turn   | Place    | Note
-------+----------+-------------------------------------------
     0 | D:1      | Pooter the Troll Earth Elementalist began the quest for the
                  | Orb.
     0 | D:1      | Reached XP level 1. HP: 16/16 MP: 1/1
   149 | D:1      | Reached XP level 2. HP: 24/24 MP: 3/3
   561 | D:2      | Reached skill level 1 in Conjurations
   575 | D:2      | Reached skill level 1 in Unarmed Combat
   616 | D:2      | Noticed a bombardier beetle
   630 | D:2      | Killed a bombardier beetle
   631 | D:2      | Reached skill level 1 in Fighting
   631 | D:2      | Reached skill level 3 in Earth Magic
   631 | D:2      | Reached XP level 3. HP: 33/33 MP: 4/4
   858 | D:2      | Reached XP level 4. HP: 41/41 MP: 5/5
  1141 | D:2      | Found Xittam's Jewellery Shoppe.
  1908 | D:3      | Reached XP level 5. HP: 46/48 MP: 2/6
  2342 | D:3      | Learned a level 3 spell: Stone Arrow
  2443 | D:4      | Noticed a lemure
  2443 | D:4      | Noticed a lemure
  2459 | D:4      | Killed a lemure
  2474 | D:4      | Noticed a lemure
  2494 | D:3      | Killed a lemure
  2933 | D:4      | Noticed an ogre
  2941 | D:4      | Mangled by an ogre

Illustrated notes

Levels and vault maps discovered:
D:1:      psy_arrival_fountain, layout_basic, nicolae_titane
D:2:      layout_basic, serial_shops, nicolae_shop_rolling_square,
          kennysheep_cluttered_room, kennysheep_potato
D:3:      layout_basic, hangedman_decor_opposing, minmay_lizard_king
D:4:      layout_gridville, uniq_pikel

Skill      XL: |  1  2  3  4  5 |
---------------+----------------+-----
Conjurations   | 1 |  1.9
Unarmed Combat | 1 2 |  2.3
Fighting       | 1 |  1.9
Earth Magic    | 3 |  3.6
Dodging        | |  1.5
Stealth        | |  1.0
Spellcasting   | |  1.8

Action                     |  1- 3 |  4- 6 || total
---------------------------+-------+-------++-------
  Melee: Unarmed           |    66 |   112 ||   178
         Punch             |       |     3 ||     3
   Fire: Sling             |     3 |    49 ||    52
   Cast: Sandblast         |     3 |    18 ||    21
    Use: Scroll            |       |     3 ||     3
   Stab: Sleeping          |     4 |     1 ||     5
 Armour: Robe              |    32 |   112 ||   144
  Dodge: Dodged            |    27 |    57 ||    84

Table legend: (Time is in decaauts)
 A = Elapsed time spent in this place.
 B = Non-inter-level travel time spent in this place.
 C = Inter-level travel time spent in this place.
 D = Time resting spent in this place.
 E = Time spent auto-exploring this place.
 F = Levels seen in this place.
 G = Mean time per level.
                   A        B        C        D        E       F      G
               +--------+--------+--------+--------+--------+-----+--------+
         Total |   2961 |   2859 |    102 |    264 |   1979 |   4 |  740.2 |
       Dungeon |   2961 |   2859 |    102 |    264 |   1979 |   4 |  740.2 |
               +--------+--------+--------+--------+--------+-----+--------+

Top non-repeatable levels by time:
     D:2: 985 daAuts
     D:3: 971 daAuts
     D:4: 535 daAuts
     D:1: 468 daAuts
